 Dungeon Crawl Stone Soup version 0.29.0-4-gdea44cf6ec (webtiles) character file.

Game seed: 4481120916522454186

30 qw the Chopper (level 3, -1/21 HPs)
             Began as a Tengu Warper on Aug 28, 2022.
             Succumbed to their own poison gas
             ... on level 1 of the Dungeon.
             The game lasted 00:00:05 (1265 turns).

qw the Chopper (Tengu Warper)                       Turns: 1265, Time: 00:00:06

Health: -1/21      AC:  3    Str: 13    XL:     3   Next: 18%
Magic:  7/7        EV: 12    Int: 13    God:
Gold:   16         SH:  0    Dex: 13    Spells: 6/6 levels left

rFire   . . .      SeeInvis .   Y - +0 hand axe
rCold   . . .      Faith    .   (no shield)
rNeg    . . .      Spirit   .   b - +0 leather armour
rPois   .          Reflect  .   (helmet restricted)
rElec   .          Harm     .   (no cloak)
rCorr   .          Rampage  .   (no gloves)
Will    .....                   (boots unavailable)
Stlth   +.........              (no amulet)
HPRegen 0.07/turn               (no ring)
MPRegen 0.10/turn               (no ring)

@: lethally poisoned (-1 -> -9), weak-willed, very slow
A: beak, talons 3
a: no special abilities


You were on level 1 of the Dungeon.
You visited 1 branch of the dungeon, and saw 1 of its levels.

You collected 16 gold pieces.


Innate Abilities, Weirdness & Mutations

You have a beak for a mouth.
You have claws for feet.


   Skills:
 - Level 2.0 Fighting
 + Level 3.9 Axes
 - Level 1.0 Throwing
 - Level 1.1 Armour
 - Level 2.1 Dodging
 - Level 2.0 Spellcasting
 - Level 2.4 Translocations


You had 6 spell levels left.
You didn't know any spells.
Your spell library contained the following spells:

 Spells                   Type           Power      Damage    Failure   Level
 Blink                    Tloc           14%        N/A       19%         2
 Gell's Gravitas          Tloc           7%         N/A       36%         3
 Lesser Beckoning         Tloc           7%         N/A       36%         3
 Teleport Other           Tloc           7%         N/A       36%         3
 Manifold Assault         Tloc           7%         N/A       98%         5

Inventory:

Hand Weapons
 j - a +0 mace
 Y - a +0 hand axe (weapon)
Armour
 b - a +0 leather armour (worn)
Potions
 g - a potion of brilliance {unknown}
 i - a potion of heal wounds

Dungeon Overview and Level Annotations

Branches:
Dungeon (1/15)

Altars:

Shops:
D:1 [:


Message History

1238 ||| DROPPING +0 club.
You drop a +0 club.
You enter the shallow water.
Moving in this stuff is going to be slow.
Partly explored, can't reach some places.
Enter note: Partly explored, can't reach some places.
1258 ||| READING scroll labelled GABRULA GIEMU.
As you read the scroll labelled GABRULA GIEMU, it crumbles to dust.
Magic quickly surges around you.
It was a scroll of vulnerability.
Partly explored, can't reach some places.
1259 ||| READING scroll labelled XOFOTUNLO.
As you read the scroll labelled XOFOTUNLO, it crumbles to dust.
It is a scroll of identify.
Really abort (and waste the scroll)?
Partly explored, can't reach some places.
1260 ||| READING scroll labelled QUVOERGHO OVAER.
The air fills with toxic fumes!
As you read the scroll labelled QUVOERGHO OVAER, it crumbles to dust.
It was a scroll of poison.
Partly explored, can't reach some places.
1261 ||| DRINKING 2 metallic green potions.
It was a potion of heal wounds.
You feel much better.
Partly explored, can't reach some places.
1262 ||| DROPPING scroll of blinking.
You drop a scroll of blinking.
You hear a splash.
Partly explored, can't reach some places.
(D) Dungeon
Where to? (* - list waypoints, ? - help)
What level of the Dungeon? (default 1, ? - help) Sorry, I don't know how to get there.
Partly explored, can't reach some places.
1263 ||| Stepping randomly (stuck).
Really walk into that cloud of poison gas?
You are engulfed in poison gas.
You are poisoned.
You feel very sick.
1264 ||| Stepping ~*~*~tactically~*~*~ (cloud).
You feel very sick.
You see here a scroll of blinking.
There is a lethal amount of poison in your body!
You die...

#.# ##................. ####
#####.# ####%...............
#..###.....# #0##................
#..#~#.....###¤##..########......
#..#~#.....##¤0¤#.0########......
#..#~#.....#¤¤¤¤#.¤¤¤....).######
#...~......#¤¤¤¤#¤¤###¤#...#####
#...~......#00¤0#¤¤0¤¤¤.~..~.~~##
#...~......#0¤¤¤@¤¤0¤¤¤~~~.~~~~.#
####~######¤¤¤¤0¤¤¤¤0¤0~~~~~~~.~#
#~# ##¤¤¤¤¤¤¤¤¤¤0~~~~~~~~~# ###
#¤000¤¤¤¤¤¤0~~~~~~~~~#
##00¤¤¤¤0¤¤¤....#~~~~#
######¤0¤#¤....##~~~#
#¤¤0##....###~~# #.0¤###...# ##~#
##### ##### ~~#


There were no monsters in sight!

Vanquished Creatures
  A dart slug (D:1)
  5 bats (D:1)
  4 endoplasms (D:1)
  2 goblins (D:1)
  6 hobgoblins (D:1)
  A ball python (D:1)
  3 kobolds (D:1)
  2 rats (D:1)
24 creatures vanquished.

Notes
Turn   | Place    | Note
-------+----------+-------------------------------------------
     0 | D:1      | qw the Tengu Warper began the quest for the Orb.
     0 | D:1      | Reached XP level 1. HP: 12/12 MP: 4/4
     0 | D:1      | 0 ||| qw: Version: 0.1-a-89-g26bdef1
     0 | D:1      | 0 ||| qw: Game counter: 1266
     0 | D:1      | 0 ||| qw: Always use a shield: true
     0 | D:1      | 0 ||| qw: God list: Okawaru
     0 | D:1      | 0 ||| qw: Allow faded altars: false
     0 | D:1      | 0 ||| qw: Do Orc after D:15 true
     0 | D:1      | 0 ||| qw: Do second Lair branch before Depths: true
     0 | D:1      | 0 ||| qw: Lair rune preference: random
     0 | D:1      | 0 ||| qw: Plans: Normal
     0 | D:1      | 0 ||| PLANNING D:1-11
    60 | D:1      | Found Dampef's Armour Emporium.
    69 | D:1      | 69 ||| SHOPLISTING +0 ring mail (48 gold, have 0).
    69 | D:1      | 69 ||| SHOPLISTING +0 scale mail "Cuut" {+Blink rC+ MP-9
                  | Str+9} (300 gold, have 0).
    69 | D:1      | 69 ||| SHOPLISTING +2 cloak of poison resistance (222 gold,
                  | have 0).
    69 | D:1      | 69 ||| SHOPLISTING +4 chain mail of fire resistance (378
                  | gold, have 0).
    97 | D:1      | Reached XP level 2. HP: 12/17 MP: 6/6
   208 | D:1      | Found Goamoydgh's Vocational Training.
   228 | D:1      | Found a faded altar of an unknown god.
   238 | D:1      | Reached skill level 3 in Axes
   417 | D:1      | 417 ||| Stepping ~*~*~tactically~*~*~ (hiding).
   519 | D:1      | 519 ||| Stepping ~*~*~tactically~*~*~ (hiding).
   890 | D:1      | Reached XP level 3. HP: 19/21 MP: 7/7
   973 | D:1      | 973 ||| Stepping ~*~*~tactically~*~*~ (stealth).
  1238 | D:1      | 1238 ||| DROPPING +0 club.
  1258 | D:1      | 1258 ||| READING scroll labelled GABRULA GIEMU.
  1259 | D:1      | 1259 ||| READING scroll labelled XOFOTUNLO.
  1260 | D:1      | 1260 ||| READING scroll labelled QUVOERGHO OVAER.
  1261 | D:1      | 1261 ||| DRINKING 2 metallic green potions.
  1262 | D:1      | 1262 ||| DROPPING scroll of blinking.
  1263 | D:1      | 1263 ||| Stepping randomly (stuck).
  1263 | D:1      | HP: 5/21 [poisoned by you (poison gas)]
  1264 | D:1      | 1264 ||| Stepping ~*~*~tactically~*~*~ (cloud).
  1264 | D:1      | HP: 1/21 [poisoned by you (poison gas)]
  1265 | D:1      | Succumbed to their own poison gas

Levels and vault maps discovered:
D:1:      minmay_arrival_widening_spiral_wide, layout_basic, serial_rivers,
          chequers_serial_rivers_small_b, chequers_serial_rivers_large_a,
          chequers_serial_rivers_room_b, chequers_serial_rivers_micro_a,
          serial_shops, shop_statue, hellmonk_ecumenical_altar_run_dry,
          nicolae_shop_vocational

Skill      XL: |  1  2 |
---------------+-------+-----
Axes           | 3 |  3.9
Fighting       | |  2.0
Throwing       | |  1.0
Armour         | |  1.1
Dodging        | |  2.1
Spellcasting   | |  2.0
Translocations | |  2.4

Action                   || total
-------------------------++-------
Melee: Hand axe          ||    46
       Kick              ||    10
       Peck              ||     4
Throw: Boomerang         ||     7
  Use: Scroll            ||     3
       Potion            ||     1
Armor: Leather armour    ||    10
Dodge: Dodged            ||    30

Table legend:
 A = Non-vault XP
 B = Vault XP
 C = Vault XP percentage of total XP
 D = Non-vault monster count
 E = Vault monster count
 F = Vault count percentage of total count
                 A         B        C        D         E       F
            +---------+---------+-------+---------+---------+-------
      Total |      43 |       0 |   0.0 |      24 |       0 |   0.0
            +---------+---------+-------+---------+---------+-------
        D:1 |      43 |       0 |   0.0 |      24 |       0 |   0.0
            +---------+---------+-------+---------+---------+-------
